Map: Amphion LE

Players

WeAreLegion

  • Race: Terran Terran
  • League: Silver
  • Spawn Location: 7:00

A.I. 1 (Very Easy) - Winner!

  • Race: Zerg Zerg
  • Spawn Location: 11:00

VOD

Have the link to the VOD?

Description

Time

  • Played on: Dec. 2, 2024, 9:04 p.m.
  • Length: 7:51
Show
View Real Time Build Order
Export as new Build Order

WeAreLegion Terran 

Build Orders: Reaper Expand 

Get SALT Encoding   

  12  0:00  SCV  
  13  0:12  SCV  
  14  0:19  Supply Depot  
  14  0:24  SCV  
  15  0:40  SCV  
  16  0:42  Barracks  
  16  0:47  Refinery  
  16  0:55  SCV  
  17  1:07  SCV  
  18  1:19  SCV  
  19  1:31  Orbital Command  
  19  1:33  Reaper  
  20  1:44  Supply Depot  
  20  1:58  Command Center  
  20  2:00  SCV  
  21  2:07  Marine  
  22  2:16  Bunker  
  22  2:17  SCV  
  23  2:27  Factory  
  23  2:29  SCV  
  24  2:31  Marine  
  25  2:41  SCV  
  26  2:53  Marine  
  26  2:55  SCV  
  28  3:01  Refinery  
  28  3:07  SCV  
  28  3:12  Supply Depot  
  29  3:14  Hellion  
  29  3:19  SCV  
  32  3:21  Barracks Reactor  
  32  3:22  Orbital Command  
  32  3:31  SCV  
  35  3:41  Hellion  
  35  3:43  SCV  
  36  3:51  SCV  
  36  3:55  SCV  
  38  4:03  SCV  
  38  4:07  SCV  
  40  4:15  SCV  
  41  4:19  SCV  
  42  4:27  SCV  
  42  4:28  Hellion x2  
  47  4:31  SCV  
  48  4:39  Starport  
  48  4:46  SCV, Barracks  
  48  4:47  SCV, Barracks  
  50  4:58  Supply Depot, SCV  
  50  4:59  Supply Depot, SCV  
  52  5:02  Marine  
  53  5:10  SCV  
  54  5:20  Supply Depot, SCV  
  55  5:22  Supply Depot  
  55  5:23  SCV  
  56  5:29  Barracks Tech Lab  
  56  5:32  SCV  
  56  5:34  Engineering Bay  
  56  5:35  SCV  
  58  5:45  Command Center  
  58  5:52  Supply Depot x2  
  58  5:53  Marine x3  
  61  6:09  Liberator  
  65  6:11  Marine  
  65  6:13  Factory Reactor  
  65  6:16  Barracks Reactor  
  65  6:18  Barracks Tech Lab  
  65  6:29  Marine  
  66  6:43  Barracks  
  66  6:55  Refinery  
  66  6:56  Refinery  
  66  7:02  SCV x2  
  68  7:12  Marine x4  
  68  7:14  SCV x2  
  74  7:26  SCV x2  
  80  7:38  SCV x2  
Show
View Real Time Build Order
Export as new Build Order

A.I. 1 (Very Easy) Zerg - Winner!

Build Orders: Pool First 

Get SALT Encoding   

  12  0:00  Drone  
  13  0:12  Overlord  
  13  0:18  Drone  
  14  0:36  Spawning Pool  
  14  0:38  Drone  
  14  0:41  Extractor  
  13  0:45  Drone  
  14  0:52  Overlord  
  14  1:22  Zergling x2, Queen  
  17  1:34  Roach Warren  
  17  1:35  Extractor  
  15  1:40  Drone  
  15  1:41  Zergling x2  
  17  1:48  Drone  
  18  2:00  Zergling x2  
  19  2:02  Drone  
  20  2:13  Drone  
  21  2:23  Drone  
  22  2:30  Drone  
  22  2:35  Overlord  
  23  2:38  Drone  
  24  2:45  Drone  
  25  5:47  Drone, Lair  
  26  5:54  Drone  
  27  6:02  Drone  
  28  6:09  Drone  
  28  6:10  Overlord  
  29  6:16  Drone  
  30  6:23  Drone  
  31  6:27  Zergling x2  
  29  6:45  Overseer  
  29  6:46  Overseer  
  29  6:49  Spire  
  29  6:51  Zergling x2  
  29  7:15  Zergling x2  
  30  7:18  Hatchery  
  30  7:19  Drone  
Tags
 
League
Silver
Matchup
TvZ
Replay Pack
December
Spawn Locations
Close Positions
Add a new tag
Caveats
  • Supply blocks, unpowered buildings, or Contaminate may cause inaccurate times.
  • Supply counts are checked every 10 seconds.